 Dungeon Crawl Stone Soup version 0.29-a0-723-gce39da1c22 (webtiles) character file.

Game seed: 1862855270679114691

350 flotson the Sneak (level 6, -2/48 HPs)
             Began as a Demonspawn Delver on June 8, 2022.
             Slain by an ice beast (11 damage)
             ... on level 4 of the Dungeon on June 29, 2022.
             The game lasted 00:06:35 (3107 turns).

flotson the Sneak (Demonspawn Delver)               Turns: 3107, Time: 00:06:36

Health: -2/48      AC:  7    Str: 13    XL:     6   Next: 33%
Magic:  6/6        EV: 10    Int: 19    God:
Gold:   136        SH:  3    Dex: 12    Spells: 5/5 levels left

rFire   . . .      SeeInvis .   i - +2 short sword (freeze)
rCold   . . .      Faith    .   m - +0 buckler
rNeg    . . .      Spirit   .   p - +0 ring mail
rPois   .          Reflect  .   (helmet restricted)
rElec   .          Harm     .   (no cloak)
rCorr   .          Rampage  .   r - +0 pair of gloves
Will    .....                   (no boots)
Stlth   ++........              (no amulet)
HPRegen 0.16/turn               (no ring)
MPRegen 0.10/turn               (no ring)

@: no status effects
A: antennae 1, sharp scales 1, demonic magic 2, clever 2, wild magic 1, no
potion heal 1
a: no special abilities


You were on level 4 of the Dungeon.
You visited 1 branch of the dungeon, and saw 5 of its levels.

You collected 136 gold pieces.

Inventory:

Hand Weapons
 a - a +0 spear
 i - a +2 short sword of freezing (weapon)
Missiles
 j - 5 atropa-tipped darts (quivered)
 k - 16 poisoned darts
Armour
 m - a +0 buckler (worn)
 p - a +0 ring mail (worn)
 r - a +0 pair of gloves (worn)
Wands
 g - a wand of digging (3)
Scrolls
 b - a scroll of brand weapon {unknown}
 c - 2 scrolls of fog
 d - 2 scrolls of magic mapping
 e - 2 scrolls of fear
 q - 2 scrolls of vulnerability {unknown}
Potions
 f - a potion of attraction
 h - 2 potions of curing
 l - a potion of cancellation {unknown}
 n - a potion of lignification {unknown}


   Skills:
 + Level 4.0 Fighting
 + Level 1.3(2.1) Axes
 - Level 2.4(2.6) Polearms
 + Level 1.3 Throwing
 + Level 1.4 Armour
 + Level 3.1 Dodging
 - Level 5.0 Stealth
 + Level 1.2 Shields
 + Level 1.7 Evocations


You had 5 spell levels left.
You didn't know any spells.
Your spell library contained the following spells:

 Spells                   Type           Power      Damage    Failure   Level
 Apportation              Tloc           0%         N/A       61%         1
 Necrotize                Necr           0%         1d4       61%         1
 Summon Small Mammal      Summ           0%         N/A       61%         1


Dungeon Overview and Level Annotations

Branches:
Dungeon (5/15)
 Temple: D:4-7

Altars:


Innate Abilities, Weirdness & Mutations

You have a pair of small antennae on your head.
You are partially covered in razor-sharp scales. (AC +1, Slay +1)
Spells you cast may paralyse nearby enemies.
Your mind is very acute. (Int +8, Str/Dex -2)
Your spells are a little harder to cast, but a little more powerful.
Potions are less effective at restoring your health.


Message History

The ice beast hits you but does no damage.
You hit the ice beast but do no damage.
The ice beast is lightly wounded.
The ice beast hits you but does no damage.
The ice beast closely misses you.
You hit the ice beast.
The ice beast is lightly wounded.
The ice beast hits you. The ice beast freezes you.
You hit the ice beast.
The ice beast is moderately wounded.
The endoplasm freezes you.
You are frozen.
The ice beast hits you. The ice beast freezes you!
You hit the ice beast.
The ice beast is moderately wounded.
The endoplasm freezes you.
You are frozen.
The ice beast hits you. The ice beast freezes you!
* * * LOW HITPOINT WARNING * * *
You are too injured to fight recklessly!
You are too injured to fight recklessly!
You are too injured to fight recklessly!
You are too injured to fight recklessly!
You are too injured to fight recklessly!
You are too injured to fight recklessly!
You are too injured to fight recklessly!
The ice beast attacks as you move away! The ice beast barely misses you.
You hit the endoplasm. You freeze the endoplasm.
You kill the endoplasm!
The ice beast attacks as you move away! You block the ice beast's attack.
There is an open door here.
Okay, then.
Unknown command.
Options error: Bad pregen_dungeon value: true (should be classic, false or incremental) (~/.crawlrc:90) Welcome back, flotson the Demonspawn Delver.
Press ? for a list of commands and other information.
You hit the ice beast.
The ice beast is heavily wounded.
The ice beast hits you.
* * * LOW HITPOINT WARNING * * *
The ice beast freezes you!
You die...

########### #######
#>......... #.....#
#.######### #.#
#.#####..........
##'###.....#.#########
#.......##.#.#
#.......'....#
#.......##...#
#....@..##...#
#####Y#.##...#
#.#.....## #.#######
#.....#
#.............#
#.....!.......#
#............##
#............#


You could see an ice beast.

Vanquished Creatures
  A phantom (D:3)
  2 scorpions (D:4)
  2 hounds (D:5)
  2 adders
  2 worms
  4 dart slugs
  8 bats
  7 endoplasms
  5 giant cockroaches
  2 goblins (D:2)
  7 hobgoblins
  5 quokkas
  10 ball pythons
  9 frilled lizards
  5 kobolds
  4 rats (D:1)
75 creatures vanquished.

Notes
Turn   | Place    | Note
-------+----------+-------------------------------------------
     0 | D:5      | flotson the Demonspawn Delver began the quest for the Orb.
     0 | D:5      | Reached XP level 1. HP: 18/18 MP: 1/1
    21 | D:5      | Noticed a hound
    38 | D:5      | Killed a hound
    39 | D:5      | Gained mutation: You have a pair of small antennae on your
                  | head. [demonic ancestry]
    39 | D:5      | Reached XP level 2. HP: 8/24 MP: 2/2
    39 | D:5      | Gained mutation: You are partially covered in razor-sharp
                  | scales. (AC +1, Slay +1) [demonic ancestry]
    39 | D:5      | Reached XP level 3. HP: 9/29 MP: 3/3
   470 | D:4      | Noticed an ice beast
   655 | D:2      | Gained mutation: Spells you cast may paralyse adjacent
                  | enemies. [demonic ancestry]
   655 | D:2      | Reached XP level 4. HP: 35/35 MP: 4/4
   868 | D:1      | Reached skill level 5 in Stealth
  1435 | D:1      | Found a faded altar of an unknown god.
  1584 | D:2      | You fall into a shaft and drop 2 floors!
  2125 | D:3      | Reached skill level 1 in Evocations
  2138 | D:3      | Gained mutation: Spells you cast may paralyse nearby
                  | enemies. [demonic ancestry]
  2138 | D:3      | Reached XP level 5. HP: 41/42 MP: 5/5
  2564 | D:4      | Reached skill level 1 in Axes
  2564 | D:4      | Reached skill level 1 in Throwing
  2564 | D:4      | Reached skill level 1 in Armour
  2648 | D:4      | Noticed a phantom
  2675 | D:4      | Reached skill level 1 in Shields
  2675 | D:4      | Reached XP level 6. HP: 15/48 MP: 6/6
  2695 | D:3      | Gained mutation: Your mind is acute. (Int +4, Str/Dex -1)
                  | [potion of mutation]
  2695 | D:3      | Gained mutation: Your mind is very acute. (Int +8, Str/Dex
                  | -2) [potion of mutation]
  2695 | D:3      | Gained mutation: Potions are less effective at restoring
                  | your health. [potion of mutation]
  2695 | D:3      | Gained mutation: Your spells are a little harder to cast,
                  | but a little more powerful. [potion of mutation]
  3107 | D:4      | Upgraded the game from 0.29-a0-555-g3b24f45cc1 to
                  | 0.29-a0-723-gce39da1c22
  3107 | D:4      | Slain by an ice beast

Illustrated notes

Levels and vault maps discovered:
D:1:      dpeg_arrival_radiant, layout_basic,
          hellmonk_ecumenical_altar_leap_of_faith, minmay_lizard_pond
D:2:      layout_rooms, kennysheep_generic_room_3
D:3:      layout_rooms, minmay_misc_feat_tower, minmay_misc_feat_cross
D:4:      layout_basic
D:5:      layout_gridville, uniq_menkaure, uniq_blork_the_orc

Skill      XL: |  1  2  3  4  5  6 |
---------------+-------------------+-----
Polearms       | 2 |  2.4
Dodging        | 2 3 |  3.1
Stealth        | 5 |  5.0
Evocations     | 1 |  1.7
Axes           | 1 |  1.3
Throwing       | 1 |  1.3
Armour         | 1 |  1.4
Shields        | 1 |  1.2
Fighting       | 4 |  4.0

Action                   |  1- 3 |  4- 6 || total
-------------------------+-------+-------++-------
Melee: Spear             |    44 |       ||    44
       Short sword       |     4 |   192 ||   196
  Use: Potion            |     1 |     7 ||     8
 Stab: Sleeping          |     5 |    14 ||    19
       Invisible         |       |     2 ||     2
Armor: Leather armour    |     7 |    25 ||    32
       Ring mail         |       |    35 ||    35
Dodge: Dodged            |    20 |   105 ||   125
Block: Buckler           |       |    18 ||    18

Table legend: (Time is in decaauts)
 A = Elapsed time spent in this place.
 B = Non-inter-level travel time spent in this place.
 C = Inter-level travel time spent in this place.
 D = Time resting spent in this place.
 E = Time spent auto-exploring this place.
 F = Levels seen in this place.
 G = Mean time per level.
                   A        B        C        D        E       F      G
               +--------+--------+--------+--------+--------+-----+--------+
         Total |   3101 |   2938 |    163 |    373 |   1921 |   5 |  620.2 |
       Dungeon |   3101 |   2938 |    163 |    373 |   1921 |   5 |  620.2 |
               +--------+--------+--------+--------+--------+-----+--------+

Top non-repeatable levels by time:
     D:1: 906 daAuts
     D:3: 817 daAuts
     D:2: 492 daAuts
     D:4: 460 daAuts
     D:5: 424 daAuts
